 Dungeon Crawl Stone Soup version 0.32-a0-699-g1ee5eff69a (webtiles) character file.

Game seed: 7346423674808116045

254821 sleeves the Spry (level 19, -12/108 HPs)
             Began as a Spriggan Fire Elementalist on Mar 12, 2024.
             Was the Champion of Lugonu.
             Mangled by a +0 battleaxe of venom (19 damage)
             ... on level 1 of the Elven Halls on Mar 13, 2024.
             The game lasted 02:11:34 (40962 turns).

sleeves the Spry (Spriggan Fire Elementalist)      Turns: 40962, Time: 02:11:35

Health: -12/108    AC: 14    Str:  4    XL:     19   Next: 3%
Magic:  30/30      EV: 27    Int: 21    God:    Lugonu [******]
Gold:   3038       SH:  0    Dex: 19    Spells: 10/27 levels left

rFire   . . .        b - +11 hand cannon of World's End {drain, rN+ Will+++ Str+3}
rCold   + . .        (no shield)
rNeg    + . .        m - +0 acid dragon scales
rPois   +            L - +2 hat of the Solstice {rC+ Regen+}
rElec   .            f - scarf {repulsion}
rCorr   +            (gloves unavailable)
SInv    +            (boots unavailable)
Will    +++++        U - amulet of regeneration
Stlth   ++++         Z - +4 ring of protection
HPRegen 1.98/turn    K - ring "Ememioz" {rPois Will+ rCorr Str-3}
MPRegen 0.22/turn

%: repel missiles
@: lethally poisoned (-12 -> -14), hasted, studying Ranged Weapons, very quick
A: very small, no large weapons, unfitting armour, see invisible, speed 3
}: 2/15 runes: serpentine, barnacled
a: Renounce Religion, Depart the Abyss, Banish, Corrupt, Enter the Abyss, Brand
Weapon With Distortion


You were on level 1 of the Elven Halls.
You worshipped Lugonu.
Lugonu was exalted by your worship.
You visited 8 branches of the dungeon, and saw 33 of its levels.
You also visited: Bailey and Ice Cave.

You collected 5242 gold pieces.
You spent 2204 gold pieces at shops.

Inventory:

Hand Weapons
 a - a +4 rapier of electrocution
   (You took it off a merfolk aquamancer on level 4 of the Shoals)
 b - the +11 hand cannon of World's End (weapon) {drain, rN+ Will+++ Str+3}
   (You took it off a merfolk on level 4 of the Shoals)

   Str+3:     It affects your strength (+3).
   rN+:       It protects you from negative energy.
   Will+++:   It greatly increases your willpower.
Armour
 f - a scarf of repulsion (worn)
   (You found it on level 4 of the Shoals)
 m - +0 acid dragon scales (worn)
   (You found it on level 10 of the Dungeon)
 u - a +2 cloak of willpower
   (You bought it in a shop on level 3 of the Dungeon)
 J - +0 shadow dragon scales
   (You took it off a merfolk on level 2 of the Shoals)
 L - the +2 hat of the Solstice (worn) {rC+ Regen+}
   (You acquired it on level 10 of the Dungeon)

   rC+:       It protects you from cold.
   Regen+:    It increases your rate of health regeneration.
 S - the +3 hat of Pondering {ponderous, Will+ MP+10 Int+5}
   (You took it off Gastronok on level 12 of the Dungeon)

   Int+5:     It affects your intelligence (+5).
   Will+:     It increases your willpower.
   MP+10:     It affects your magic capacity (+10).
 W - a scarf of resistance
   (You found it in an ice cave)
Jewellery
 h - a ring of protection from fire
   (You found it on level 2 of the Shoals)
 E - a ring of protection from cold
   (You found it on level 6 of the Dungeon)
 K - the ring "Ememioz" (right hand) {rPois Will+ rCorr Str-3}
   (You bought it in a shop on level 1 of the Orcish Mines)

   [ring of willpower]

   Str-3:     It affects your strength (-3).
   rPois:     It protects you from poison.
   Will+:     It increases your willpower.
   rCorr:     It protects you from acid and corrosion.
 M - a ring of flight
   (You took it off a gnoll on level 8 of the Dungeon)
 U - an amulet of regeneration (around neck)
   (You took it off a merfolk aquamancer on level 4 of the Shoals)
 Z - a +4 ring of protection (left hand)
   (You found it on level 5 of the Lair of Beasts)
Wands
 p - a wand of polymorph (6)
   (You found it on level 4 of the Snake Pit)
 x - a wand of paralysis (28)
   (You took it off an orc on level 4 of the Dungeon)
 y - a wand of iceblast (51)
   (You found it on level 4 of the Dungeon)
 R - a wand of digging (17)
   (You found it on level 2 of the Lair of Beasts)
Scrolls
 c - 4 scrolls of enchant weapon
 e - a scroll of acquirement
 g - 9 scrolls of enchant armour
 j - 5 scrolls of vulnerability
 k - a scroll of poison
 o - 15 scrolls of teleportation
 s - a scroll of butterflies {unknown}
 v - 9 scrolls of fear
 z - 7 scrolls of revelation
 B - 4 scrolls of amnesia
 D - 3 scrolls of fog
 N - 2 scrolls of immolation {unknown}
 P - a scroll of brand weapon {unknown}
Potions
 d - 12 potions of curing
 i - 3 potions of might
 l - 5 potions of enlightenment
 n - 2 potions of magic
 q - 5 potions of mutation
 r - 3 potions of berserk rage
 t - 3 potions of attraction
 w - 3 potions of brilliance
 A - a potion of cancellation {unknown}
 C - 2 potions of haste
 F - 2 potions of resistance
 I - a potion of ambrosia {unknown}
 V - a potion of heal wounds
 X - 3 potions of lignification {unknown}
 Y - 4 potions of invisibility
Miscellaneous
 G - a sack of spiders
   (You found it on level 4 of the Shoals)
 H - a lightning rod (4/4)
   (You found it on level 3 of the Shoals)
 O - a phantom mirror
   (You found it on level 9 of the Dungeon)
 T - a phial of floods
   (You found it on level 2 of the Lair of Beasts)


   Skills:
 - Level 15.0 Fighting
 - Level 2.0 Short Blades
 - Level 17.1 Ranged Weapons
 + Level 8.4 Armour
 - Level 20.0 Dodging
 - Level 9.1 Stealth
 + Level 4.8 Spellcasting
 - Level 0.6 Conjurations
 - Level 2.4 Fire Magic
 + Level 11.1 Ice Magic
 - Level 14.0 Invocations
 - Level 10.0 Evocations


You had 10 spell levels left.
You knew the following spells:

 Your Spells              Type           Power      Damage    Failure   Level
a - Foxfire               Conj/Fire      44%        2x1d6     13%         1
b - Freezing Cloud        Conj/Ice/Air   10%        6-21      78%         5
c - Sculpt Simulacrum     Ice/Alch       14%        N/A       98%         6
d - Metabolic Englaciati  Hex/Ice        14%        N/A       54%         5

Your spell library contained the following spells:

 Spells                   Type           Power      Damage    Failure   Level
 Freeze                   Ice            100%       1d10      1%          1
 Frozen Ramparts          Ice            100%       1d16      1%          3
 Ozocubu's Armour         Ice            51%        N/A       1%          3
 Ensorcelled Hibernation  Hex/Ice        56%        N/A       3%          2
 Hailstorm                Conj/Ice       29%        3d8       6%          3
 Scorch                   Fire           30%        2d6       13%         2
 Kiss of Death            Conj/Necr      24%        2d7       21%         1
 Shock                    Conj/Air       24%        1d4       21%         1
 Sting                    Conj/Alch      24%        1d4       21%         1
 Apportation              Tloc           10%        N/A       24%         1
 Necrotise                Necr           20%        1d5       24%         1
 Summon Small Mammal      Summ           20%        N/A       24%         1
 Searing Ray              Conj           14%        2d5       28%         2
 Momentum Strike          Conj/Tloc      12%        3d8       30%         2
 Cigotuvi's Dreadful Rot  Necr/Alch/Air  10%        N/A       34%         2
 Mercury Vapours          Alch/Air       10%        N/A       34%         2
 Inner Flame              Hex/Fire       10%        N/A       38%         3
 Volatile Blastmotes      Fire/Tloc      20%        2d11      38%         3
 Mephitic Cloud           Conj/Alch/Air  5%         N/A       54%         3
 Fugue of the Fallen      Necr           5%         N/A       56%         3
 Swiftness                Air            5%         N/A       56%         3
 Tukima's Dance           Hex            5%         N/A       56%         3
 Flame Wave               Conj/Fire      11%        2d6       77%         4
 Ignite Poison            Fire/Alch      10%        N/A       80%         4
 Sticky Flame             Fire/Alch      10%        2d5       80%         4
 Airstrike                Air            2%         2d(1-17)  93%         4
 Anguish                  Hex/Necr       2%         N/A       93%         4
 Leda's Liquefaction      Alch/Erth      2%         N/A       93%         4
 Manifold Assault         Tloc           5%         N/A       93%         4
 Passage of Golubria      Tloc           5%         N/A       93%         4
 Petrify                  Alch/Erth      5%         N/A       93%         4
 Iskenderun's Battlesphe  Conj           7%         2d6       99%         5
 Silence                  Hex/Air        2%         N/A       100%        5
 Yara's Violent Unravell  Hex/Alch       2%         3d3       100%        5
 Bombard                  Conj/Erth      3%         9d1       100%        6
 Starburst                Conj/Fire      5%         6d4       100%        6
 Spellforged Servitor     Conj/Summ      3%         N/A       100%        7
 Ignition                 Fire           7%         3d5       100%        8
 Lehudib's Crystal Spear  Conj/Erth      3%         10d2      100%        8
 Fire Storm               Conj/Fire      5%         8d2       100%        9


Dungeon Overview and Level Annotations

Branches:
Dungeon (15/15)            Temple (1/1) D:6            Lair (5/5) D:9
 Shoals (4/4) Lair:3        Snake (4/4) Lair:2        Slime (0/5) Lair:4
    Orc (2/2) D:10            Elf (1/3) Orc:2        Vaults (0/5) D:14
 Depths (1/4) D:15         Bailey (visited)           IceCv (visited)

Altars:
Ashenzari
Cheibriados
Dithmenos
Elyvilon
Fedhas
Gozag
Hepliaklqana
Kikubaaqudgha
Makhleb
Nemelex Xobeh
Okawaru
Qazlal
Ru
Sif Muna
Trog
Uskayaw
Vehumet
Wu Jian
Xom
Yredelemnul
Zin
The Shining One
Beogh
Jiyva
Lugonu

Shops:
D:1 (   D:3 [   D:4 *(   D:5 [   Orc:1 =   Orc:2 !(*[   Shoals:1 *
Snake:1 (!*?   Snake:3 *(:[

Portals:
Trove: D:15 (give +4 ice dragon scales)

Annotations:
D:15 exclusion: downstairs
Lair:2 bobo's ghost, journeyman BaHu
Snake:2 2 transporters, ytrimaz's ghost, adept DsSu
Orc:2 2 transporters, CrossHare's ghost, journeyman CoGl
Elf:1 1 runed translucent door
Depths:1 Nikola


Innate Abilities, Weirdness & Mutations

You are very small and have problems with some larger weapons.
You are too small for most types of armour.
You have supernaturally acute eyesight. (SInv)
You cover ground extremely quickly. (Speed+++)


Message History

The deep elf zephyrmancer is moderately wounded.
You hear a shout! x2
The deep elf zephyrmancer mumbles some strange words.
The deep elf zephyrmancer blinks!
No target in view!
You now have 2853 gold pieces (gained 15).
You see here a +0 short sword.
A wind drake comes into view.
Found 17 gold pieces.
The wind drake begins repelling missiles!
You shoot a slug.
The slug hits the deep elf zephyrmancer!
You drain the deep elf zephyrmancer.
The deep elf zephyrmancer is severely wounded.
The wind drake flaps its wings at you. The air twists around and strikes you!
You shoot a slug.
The slug hits the deep elf zephyrmancer!!!
You kill the deep elf zephyrmancer!
Lugonu accepts your kill.
Your Spellcasting skill increases to level 3!
A deep elf zephyrmancer comes into view.
It is wielding a +1 long sword of electrocution.
You see here a +0 short sword.
A salamander comes into view.
You shoot a slug. The deep elf zephyrmancer shouts!
The slug hits the deep elf zephyrmancer!!
The deep elf zephyrmancer is heavily wounded.
You shoot a slug.
The slug barely misses the deep elf zephyrmancer.
The deep elf zephyrmancer hits you with a +1 long sword of electrocution.
You shoot a slug.
The slug hits the deep elf zephyrmancer!!
You kill the deep elf zephyrmancer!
Lugonu accepts your kill.
There is a staircase back to the Mines here.
You shoot a slug. The slug hits the salamander!!
The salamander is heavily wounded.
You shoot a slug.
The slug hits the salamander but does no damage.
The salamander is heavily wounded.
A dart slug comes into view.
You shoot a slug. The slug hits the salamander!!
You drain the salamander.
You kill the salamander!
Lugonu accepts your kill.
The salamander's shape twists and changes as it dies.
You shoot a slug.
The slug completely misses the dart slug.
The dart slug launches a dart at you.
The slug dart hits you but does no damage.
You shoot a slug. The slug hits the dart slug!!
You kill the dart slug!
Lugonu accepts your kill.
You see here a +1 long sword of electrocution.
Things that are here:
a +0 rapier; a +0 chain mail; an elf corpse You now have 2875 gold pieces (gained 22).
You now have 2892 gold pieces (gained 17).
An earth elemental comes into view.
An earth elemental is nearby!
You shoot a slug. The slug hits the earth elemental!!
The earth elemental is severely damaged.
You shoot a slug. The slug hits the earth elemental!
The earth elemental is almost destroyed.
The earth elemental closely misses you.
You shoot a slug.
The slug completely misses the earth elemental.
An earth elemental is nearby!
You shoot a slug. The slug hits the earth elemental!!
You destroy the earth elemental!
Lugonu accepts your kill.
A +0 flail of protection comes into view.
A +0 flail of protection is nearby!
You shoot a slug.
The slug closely misses the +0 flail of protection.
The +0 flail of protection hits you.
You shoot a slug.
The slug hits the +0 flail of protection!!
The +0 flail of protection falls from the air.
Lugonu accepts your kill.
No target in view!
HP restored.
o - 15 scrolls of teleportation (gained 1)
You see here a +0 flail of protection.
Found 6 silver javelins and 6 stones.
You open the door.
There is an open door here.
You open the door.
There is an open translucent door here.
You shoot a slug.
The slug closely misses the air elemental.
You shoot a slug.
The slug closely misses the air elemental.
The air elemental fires a burst of electricity at you.
The stunning burst is repelled.
You shoot a slug. The slug hits the air elemental!!
The air elemental is almost destroyed.
The air elemental closely misses you.
The air elemental fires a burst of electricity at you.
The stunning burst hits you!
You suddenly lose the ability to move!
The air elemental fires a burst of electricity at you.
The stunning burst is repelled.
You can move again.
You shoot a slug. The slug hits the air elemental!!
You destroy the air elemental!
Lugonu accepts your kill.
A +1 halberd of flaming comes into view.
A +1 halberd of flaming is nearby!
A +1 halberd of flaming is nearby!
You shoot a slug.
The slug hits the +1 halberd of flaming!
The +1 halberd of flaming is heavily damaged.
You shoot a slug.
The slug hits the +1 halberd of flaming!
The +1 halberd of flaming falls from the air.
Lugonu accepts your kill.
Found 8 stones.
You see here a +1 halberd of flaming.
A deep elf pyromancer comes into view.
It is wielding a +0 long sword of draining.
A deep elf pyromancer is nearby!
A deep elf pyromancer is nearby!
You shoot a slug. The deep elf pyromancer shouts!
The slug hits the deep elf pyromancer!!
You drain the deep elf pyromancer!
The deep elf pyromancer is almost dead.
You shoot a slug. The slug hits the deep elf pyromancer.
You drain the deep elf pyromancer.
You kill the deep elf pyromancer!
Lugonu accepts your kill.
Found a cloak.
You now have 2908 gold pieces (gained 16).
Things that are here:
a +0 long sword of draining; an elf corpse
There is an open translucent door here.
A bombardier beetle comes into view.
A bombardier beetle is nearby!
You shoot a slug. The slug hits the bombardier beetle!!
You kill the bombardier beetle!
Lugonu accepts your kill.
No target in view!
An endoplasm comes into view.
An endoplasm is nearby!
An endoplasm is nearby!
You shoot a slug. The slug hits the endoplasm!!
You kill the endoplasm!
Lugonu accepts your kill.
No target in view!
Your pack is full.
You see here a scroll of identify.
Your pack is full.
You see here a scroll of identify.
Okay, then.
Unknown command.
As you read the scroll of identify, it crumbles to dust.
Y - 5 potions of invisibility You now have 2926 gold pieces (gained 18).
D - 3 scrolls of fog (gained 1)
A deep elf elementalist comes into view.
It is wielding a +0 long sword.
A deep elf elementalist is nearby!
You shoot a slug. The deep elf elementalist shouts!
The slug hits the deep elf elementalist!!
The deep elf elementalist is heavily wounded.
You shoot a slug.
The slug hits the deep elf elementalist!
The deep elf elementalist is severely wounded.
You shoot a slug.
The slug hits the deep elf elementalist!
You drain the deep elf elementalist.
The deep elf elementalist is almost dead.
The deep elf elementalist gestures at you while chanting.
The fireball explodes!
The fireball engulfs you!!!
You are too injured to fight recklessly!
Fire: b) +11 hand cannon of World's End {drain, rN+ Will+++ Str+3}
Press: ? - help, Q - select action, (/) - cycle Shift-Dir - straight line, f/p - deep elf elementalist
Aim: a deep elf elementalist, wielding a +0 long sword and wearing a +0 ring mail (almost dead, repelling missiles, lightly drained, 49% to hit)
You shoot a slug.
The slug hits the deep elf elementalist.
The deep elf elementalist is almost dead.
Fire: b) +11 hand cannon of World's End {drain, rN+ Will+++ Str+3}
Press: ? - help, Q - select action, (/) - cycle Shift-Dir - straight line, f/p - deep elf elementalist
Aim: a deep elf elementalist, wielding a +0 long sword and wearing a +0 ring mail (almost dead, repelling missiles, lightly drained, 49% to hit)
You shoot a slug. The slug is repelled.
Fire: b) +11 hand cannon of World's End {drain, rN+ Will+++ Str+3}
Press: ? - help, Q - select action, (/) - cycle Shift-Dir - straight line, f/p - deep elf elementalist
Aim: a deep elf elementalist, wielding a +0 long sword and wearing a +0 ring mail (almost dead, repelling missiles, lightly drained, 49% to hit)
You shoot a slug.
The slug hits the deep elf elementalist.
The deep elf elementalist is almost dead.
Fire: b) +11 hand cannon of World's End {drain, rN+ Will+++ Str+3}
Press: ? - help, Q - select action, (/) - cycle Shift-Dir - straight line, f/p - deep elf elementalist
Aim: a deep elf elementalist, wielding a +0 long sword and wearing a +0 ring mail (magical condensation, almost dead, repelling missiles, lightly drained, 49% to hit)
You shoot a slug.
The slug hits the deep elf elementalist!!
You kill the deep elf elementalist!
Lugonu accepts your kill.
Your pack is full.
Things that are here:
a scroll of identify; a +0 quick blade Your pack is full.
Things that are here:
a scroll of identify; a +0 quick blade
Okay, then.
As you read the scroll of identify, it crumbles to dust.
t - 3 potions of attraction
z - 7 scrolls of revelation (gained 1)
Found a chain mail.
Found a ring mail.
A deep elf knight comes into view. It is wielding a +0 scimitar.
You shoot a slug. The slug hits the deep elf knight.
You drain the deep elf knight.
The deep elf knight shouts!
The deep elf knight is lightly wounded.
A deep elf knight comes into view.
It is wielding a +2 short sword of venom.
You shoot a slug.
The slug barely misses the deep elf knight.
The deep elf knight shouts!
The slug hits the deep elf knight!
The deep elf knight is lightly wounded.
You hear a shout!
A deep elf knight opens the door.
The deep elf knight mumbles some strange words.
The deep elf knight flickers and vanishes for a moment.
You shoot a slug. The slug hits the deep elf knight!
The deep elf knight is lightly wounded.
The deep elf knight gestures wildly while chanting.
The deep elf knight seems to speed up.
You shoot a slug.
The slug closely misses the deep elf knight.
You shoot a slug.
The slug closely misses the deep elf knight.
The deep elf knight points at you and mumbles some strange words.
The lance of force misses you.
The deep elf knight mumbles some strange words.
The deep elf knight flickers and vanishes for a moment.
You shoot a slug. The slug hits the deep elf knight!!
You drain the deep elf knight!
The deep elf knight is almost dead.
The deep elf knight gestures at you while chanting.
The lance of force hits you!
You are knocked back by the lance of force.
You shoot a slug. The slug hits the deep elf knight.
You drain the deep elf knight.
You kill the deep elf knight!
Lugonu accepts your kill.
A deep elf knight is nearby!
You shoot a slug.
The slug barely misses the deep elf knight.
You shoot a slug.
The slug closely misses the deep elf knight.
The deep elf knight gestures at you while chanting.
The shard of ice hits you! You partially resist.
You shoot a slug. The slug hits the deep elf knight!!
You drain the deep elf knight!
The deep elf knight is severely wounded.
You shoot a slug. The slug hits the deep elf knight!
You drain the deep elf knight.
The deep elf knight is almost dead.
The deep elf knight gestures wildly while chanting.
The deep elf knight seems to speed up.
You shoot a slug. The slug hits the deep elf knight!!
You kill the deep elf knight!
Lugonu accepts your kill.
Things that are here:
a +2 short sword of venom; a +0 leather armour; an elf corpse You open the door.
There is an open door here.
A deep elf pyromancer comes into view. It is wielding a +0 rapier.
The deep elf pyromancer moves out of view.
A deep elf pyromancer is nearby!
You shoot a slug. The deep elf pyromancer shouts!
The slug hits the deep elf pyromancer.
You drain the deep elf pyromancer.
The deep elf pyromancer is lightly wounded.
You hear a shout!
You shoot a slug. The slug hits the deep elf pyromancer!!
You drain the deep elf pyromancer!
You kill the deep elf pyromancer!
Lugonu accepts your kill.
A deep elf zephyrmancer comes into view.
It is wielding a +0 quarterstaff.
You shoot a slug.
The slug closely misses the deep elf zephyrmancer.
You shoot a slug.
The slug hits the deep elf zephyrmancer!!
The deep elf zephyrmancer is severely wounded.
The deep elf zephyrmancer gestures at you while chanting.
The bolt of lightning is repelled.
You hear a shout! x5
You shoot a slug.
The slug hits the deep elf zephyrmancer!!
You kill the deep elf zephyrmancer!
Lugonu accepts your kill.
There is an open door here.
You open the door.
A deep elf zephyrmancer and a deep elf pyromancer come into view.
The deep elf zephyrmancer is wielding a +0 long sword and wearing a +1 scale mail of fire resistance.
The deep elf pyromancer shouts!
You hear a shout!
A deep elf pyromancer comes into view. It is wielding a +0 dagger.
The deep elf pyromancer moves out of view.
There are monsters nearby!
You shoot a slug.
The slug hits the deep elf zephyrmancer!
The deep elf zephyrmancer is moderately wounded.
The deep elf pyromancer casts a spell.
You shoot a slug.
The slug hits the deep elf zephyrmancer!
You drain the deep elf zephyrmancer.
You kill the deep elf zephyrmancer!
Lugonu accepts your kill.
Fire: b) +11 hand cannon of World's End {drain, rN+ Will+++ Str+3}
Press: ? - help, Q - select action, (/) - cycle Shift-Dir - straight line, f - deep elf pyromancer
Aim: a deep elf pyromancer, wielding a +0 dagger and wearing a +0 leather armour (74% to hit)
You shoot a slug. The slug hits the deep elf pyromancer!
The deep elf pyromancer is moderately wounded.
Fire: b) +11 hand cannon of World's End {drain, rN+ Will+++ Str+3}
Press: ? - help, Q - select action, (/) - cycle Shift-Dir - straight line, f/p - deep elf pyromancer
Aim: a deep elf pyromancer, wielding a +0 dagger and wearing a +0 leather armour (moderately wounded, 74% to hit)
You shoot a slug. The slug hits the fire elemental!!!
You destroy the fire elemental!
The fire elemental disappears in a puff of smoke!
The deep elf pyromancer gestures at you while chanting.
The pyre arrow hits you.
You are covered in intense liquid fire!
Fire: b) +11 hand cannon of World's End {drain, rN+ Will+++ Str+3}
Press: ? - help, Q - select action, (/) - cycle Shift-Dir - straight line, f/p - deep elf pyromancer
Aim: a deep elf pyromancer, wielding a +0 dagger and wearing a +0 leather armour (moderately wounded, 74% to hit)
You shoot a slug. The slug hits the deep elf pyromancer!
You drain the deep elf pyromancer.
The deep elf pyromancer is severely wounded.
The liquid fire burns you!
Fire: b) +11 hand cannon of World's End {drain, rN+ Will+++ Str+3}
Press: ? - help, Q - select action, (/) - cycle Shift-Dir - straight line, f/p - deep elf pyromancer
Aim: a deep elf pyromancer, wielding a +0 dagger and wearing a +0 leather armour (severely wounded, lightly drained, 74% to hit)
You shoot a slug.
The slug closely misses the deep elf pyromancer.
The slug barely misses the deep elf pyromancer.
The liquid fire burns you!
The deep elf pyromancer casts a spell.
The deep elf pyromancer blinks!
The deep elf pyromancer gestures wildly while chanting.
You shake off some of the fire as you move.
The liquid fire burns you!
You shake off some of the fire as you move.
The liquid fire burns you!
The deep elf pyromancer gestures at you while chanting.
The pyre arrow hits you.
You are even more covered in intense liquid fire!
You shake off some of the fire as you move.
The liquid fire burns you!
The deep elf pyromancer casts a spell at you.
The pyre arrow hits you.
You are even more covered in intense liquid fire!
You shake off some of the fire as you move.
The liquid fire burns you!
You shake off some of the fire as you move.
The liquid fire burns you!
The deep elf pyromancer mumbles some strange words.
The deep elf pyromancer blinks!
You shake off some of the fire as you move.
The liquid fire burns you!
Fire: b) +11 hand cannon of World's End {drain, rN+ Will+++ Str+3}
Press: ? - help, Q - select action, (/) - cycle Shift-Dir - straight line, f/p - deep elf pyromancer
Aim: a deep elf pyromancer, wielding a +0 dagger and wearing a +0 leather armour (severely wounded, lightly drained, 74% to hit)
You shoot a slug. The slug hits the deep elf pyromancer!
The deep elf pyromancer is almost dead.
The liquid fire burns you!
* * * LOW HITPOINT WARNING * * *
You shake off some of the fire as you move.
The liquid fire burns you!
* * * LOW HITPOINT WARNING * * *
You shake off the liquid fire.
The deep elf pyromancer points at you and mumbles some strange words.
The pyre arrow is repelled.
The deep elf pyromancer mumbles some strange words.
The deep elf pyromancer blinks!
Found a stone staircase leading down.
Fire: b) +11 hand cannon of World's End {drain, rN+ Will+++ Str+3}
Press: ? - help, Q - select action, (/) - cycle Shift-Dir - straight line, f - fire elemental
Aim: a fire elemental (summoned, 75% to hit)
You shoot a slug. The slug hits the fire elemental!!
The fire elemental is heavily damaged.
Found a wand of paralysis (3).
You see here a +0 short sword.
There is a staircase back to the Mines here.
Fire: b) +11 hand cannon of World's End {drain, rN+ Will+++ Str+3}
Press: ? - help, Q - select action, (/) - cycle Shift-Dir - straight line, f/p - fire elemental
Aim: a fire elemental (heavily damaged, summoned, 75% to hit)
You shoot a slug.
The slug barely misses the fire elemental.
Fire: b) +11 hand cannon of World's End {drain, rN+ Will+++ Str+3}
Press: ? - help, Q - select action, (/) - cycle Shift-Dir - straight line, f/p - fire elemental
Aim: a fire elemental (heavily damaged, summoned, 75% to hit)
You shoot a slug. The slug hits the fire elemental!
The fire elemental is almost destroyed.
Fire: b) +11 hand cannon of World's End {drain, rN+ Will+++ Str+3}
Press: ? - help, Q - select action, (/) - cycle Shift-Dir - straight line, f/p - fire elemental
Aim: a fire elemental (almost destroyed, summoned, 75% to hit)
You shoot a slug. The slug hits the fire elemental!
You destroy the fire elemental!
The fire elemental disappears in a puff of smoke!
Fire: b) +11 hand cannon of World's End {drain, rN+ Will+++ Str+3}
Press: ? - help, Q - select action, (/) - cycle Shift-Dir - straight line, f - you Really target yourself? [Y]es or [N]o only, please.
Really target yourself? [Y]es or [N]o only, please.
Really target yourself? [Y]es or [N]o only, please.
Really target yourself?
Okay, then.
A deep elf pyromancer is nearby!
A deep elf pyromancer is nearby!
Fire: b) +11 hand cannon of World's End {drain, rN+ Will+++ Str+3}
Press: ? - help, Q - select action, (/) - cycle Shift-Dir - straight line, f - deep elf pyromancer
Aim: a deep elf pyromancer, wielding a +0 dagger (heavily wounded, 74% to hit)
You shoot a slug. The slug hits the deep elf pyromancer!
You drain the deep elf pyromancer.
The deep elf pyromancer is almost dead.
The deep elf pyromancer gestures wildly while chanting.
Fire: b) +11 hand cannon of World's End {drain, rN+ Will+++ Str+3}
Press: ? - help, Q - select action, (/) - cycle Shift-Dir - straight line, f/p - deep elf pyromancer
Aim: a deep elf pyromancer, wielding a +0 dagger (almost dead, lightly drained, 74% to hit)
You shoot a slug.
The slug misses the deep elf pyromancer.
The deep elf pyromancer gestures wildly while chanting.
Fire: b) +11 hand cannon of World's End {drain, rN+ Will+++ Str+3}
Press: ? - help, Q - select action, (/) - cycle Shift-Dir - straight line, f/p - deep elf pyromancer
Aim: a deep elf pyromancer, wielding a +0 dagger (almost dead, lightly drained, 74% to hit)
You shoot a slug. The slug hits the deep elf pyromancer!!
You kill the deep elf pyromancer!
Lugonu accepts your kill.
The fire elemental disappears in a puff of smoke!
The fire elemental disappears in a puff of smoke!
A deep elf pyromancer is nearby!
A deep elf pyromancer is nearby!
A deep elf pyromancer is nearby!
You shoot a slug.
The slug closely misses the deep elf pyromancer.
The deep elf pyromancer shouts!
You shoot a slug. The slug hits the deep elf pyromancer!
You kill the deep elf pyromancer!
Lugonu accepts your kill.
Your Spellcasting skill increases to level 4!
You open the door.
Found a trident.
There is an open door here.
x - a wand of paralysis (28) (gained 3 charges)
You open the door.
There is an open door here.
You open the door.
There is an open translucent door here.
You open the door.
Found an escape hatch in the floor.
There is an open door here.
You pick up a book of the Moon and begin reading...
You add the spells Silence and Lehudib's Crystal Spear to your library.
There is an open door here.
You open the door.
You see here a +0 quick blade.
A +2 heavy scimitar comes into view.
A +2 heavy scimitar is nearby!
A +2 heavy scimitar is nearby!
A +2 heavy scimitar is nearby!
You shoot a slug.
The slug hits the +2 heavy scimitar but does no damage.
You hear a shout! x5
A +0 battleaxe of venom comes into view.
You shoot a slug.
The slug closely misses the +0 battleaxe of venom.
You shoot a slug.
The slug hits the +0 battleaxe of venom!
The +0 battleaxe of venom is moderately damaged.
A deep elf archer comes into view. It is wielding a +0 short sword.
The +0 battleaxe of venom closely misses you.
A deep elf archer comes into view. It is wielding a +0 short sword.
The +0 battleaxe of venom attacks as it pursues you!
The +0 battleaxe of venom hits you!!
You are poisoned.
You feel sick.
The +0 battleaxe of venom attacks as it pursues you!
The +0 battleaxe of venom hits you!
You are too injured to fight recklessly!
Okay, then.
Okay, then.
Press: ? - help, v - describe, . - travel
Here: a +2 heavy scimitar (magical condensation)
The floor, spattered with blood.
You fade into invisibility!
You feel very sick.
The +2 heavy scimitar closely misses you.
The +0 battleaxe of venom barely misses you.
The deep elf archer unwields a +0 short sword.
The deep elf archer wields a +0 shortbow.
The deep elf archer shoots an arrow.
The arrow hits the +2 heavy scimitar!!
A deep elf archer comes into view. It is wielding a +0 dagger.
A deep elf knight comes into view. It is wielding a +0 short sword.
Fire: b) +11 hand cannon of World's End {drain, rN+ Will+++ Str+3}
Press: ? - help, Q - select action, (/) - cycle Shift-Dir - straight line, f/p - +0 battleaxe of venom
Aim: a +0 battleaxe of venom (moderately damaged, unable to see you, 67% to hit)
You shoot a slug. The deep elf archer shouts!
The slug hits the +0 battleaxe of venom but does no damage.
The +0 battleaxe of venom is moderately damaged.
You feel sick. The +2 heavy scimitar hits you!
The +0 battleaxe of venom hits you!!
* * * LOW HITPOINT WARNING * * *
The +2 heavy scimitar hits you!!
* * * LOW HITPOINT WARNING * * *
The deep elf archer shoots an arrow.
The arrow hits the +2 heavy scimitar!
The +2 heavy scimitar falls from the air.
Blink to where?
Press: ? - help, Dir - move target, p - +0 battleaxe of venom
As you read the scroll of blinking, it crumbles to dust.
You feel sick.
You feel sick.
You feel sick.
You feel sick.
You feel sick.
You feel sick.
You feel sick.
You are no longer poisoned.
You flicker for a moment.
You see here a +0 short sword.
There is a staircase back to the Mines here.
You flicker back into view.
You climb upwards.
Welcome back to the Orcish Mines!
Level annotation: 2 transporters, CrossHare's ghost, journeyman CoGl The orc warrior shouts!
There is a staircase to the Elven Halls here.
An orc warrior is nearby!
An orc warrior is nearby!
Fire: b) +11 hand cannon of World's End {drain, rN+ Will+++ Str+3}
Press: ? - help, Q - select action, (/) - cycle Shift-Dir - straight line, f - orc warrior
Aim: an orc warrior, wielding a +0 flail and wearing a +0 plate armour (79% to hit)
You shoot a slug. The slug hits the orc warrior!
You drain the orc warrior.
The orc warrior is almost dead.
Fire: b) +11 hand cannon of World's End {drain, rN+ Will+++ Str+3}
Press: ? - help, Q - select action, (/) - cycle Shift-Dir - straight line, f/p - orc warrior
Aim: an orc warrior, wielding a +0 flail and wearing a +0 plate armour (almost dead, lightly drained, 79% to hit)
You shoot a slug. The slug hits the orc warrior!!
You kill the orc warrior!
Lugonu accepts your kill.
You start resting.
HP restored.
You now have 2954 gold pieces (gained 28).
Things that are here:
a +0 flail; a +0 plate armour Partly explored, unvisited transporter.
Partly explored, unvisited transporter.
What level of the Elven Halls? (default 1, ? - help)
There is a staircase to the Elven Halls here.
You climb downwards.
Welcome back to the Elven Halls!
There is a staircase back to the Mines here.
There is an open door here.
There is an open door here.
A deep elf zephyrmancer comes into view.
It is wielding a +0 short sword of holy wrath.
A deep elf zephyrmancer is nearby!
You shoot a slug. The deep elf zephyrmancer shouts!
The slug hits the deep elf zephyrmancer!!
You drain the deep elf zephyrmancer.
The deep elf zephyrmancer is severely wounded.
The deep elf zephyrmancer casts a spell.
The deep elf zephyrmancer blinks!
No target in view!
A deep elf zephyrmancer is nearby!
A deep elf pyromancer comes into view. It is wielding a +0 long sword.
The deep elf pyromancer shouts!
The deep elf zephyrmancer gestures wildly while chanting.
The deep elf zephyrmancer blinks!
You shoot a slug.
The slug hits the deep elf zephyrmancer!!
You kill the deep elf zephyrmancer!
Lugonu accepts your kill.
A deep elf pyromancer comes into view. It is wielding a +0 short sword.
You shoot a slug. The slug hits the deep elf pyromancer!!
The deep elf pyromancer is heavily wounded.
The deep elf pyromancer casts a spell at you.
The bolt of fire misses you.
You shoot a slug. The slug hits the deep elf pyromancer!
You drain the deep elf pyromancer.
The deep elf pyromancer is almost dead.
You shoot a slug. The slug hits the deep elf pyromancer!
The deep elf pyromancer is heavily wounded.
The deep elf pyromancer mumbles some strange words.
The deep elf pyromancer blinks!
You shoot a slug. The slug hits the deep elf pyromancer!
The deep elf pyromancer is almost dead.
You shoot a slug. The slug hits the deep elf pyromancer!!
You kill the deep elf pyromancer!
Lugonu accepts your kill.
The deep elf pyromancer gestures wildly while chanting.
The deep elf pyromancer blinks!
You shoot a slug.
The slug closely misses the deep elf pyromancer.
No target in view!
There is an open translucent door here.
You shoot a slug.
The slug completely misses the deep elf pyromancer.
You hear a shout!
The deep elf pyromancer points at you and mumbles some strange words.
The pyre arrow hits you.
You are covered in intense liquid fire!
You shoot a slug. The slug hits the deep elf pyromancer!!
You kill the deep elf pyromancer!
Lugonu accepts your kill. The liquid fire burns you!
You are on fire!
You are on fire!
You are on fire!
You are on fire!
No target in view!
You shake off some of the fire as you move.
The liquid fire burns you!
You shake off some of the fire as you move.
The liquid fire burns you!
You shake off the liquid fire.
HP restored.
A deep elf annihilator comes into view. It is wielding a +0 dagger.
You shoot a slug. The deep elf annihilator shouts!
The slug hits the deep elf annihilator!!
The deep elf annihilator is moderately wounded.
The deep elf annihilator mumbles some strange words.
The deep elf annihilator blinks!
No reachable target in view!
A deep elf annihilator is nearby!
No reachable target in view!
You shoot a slug.
The slug hits the deep elf annihilator!!
You drain the deep elf annihilator.
The deep elf annihilator is heavily wounded.
You shoot a slug. The slug hits the deep elf annihilator!
You drain the deep elf annihilator.
The deep elf annihilator is almost dead.
The deep elf annihilator casts a spell.
The deep elf annihilator blinks!
You shoot a slug. The slug hits the deep elf annihilator!
You kill the deep elf annihilator!
Lugonu accepts your kill.
Your Ice Magic skill increases to level 11!
There is an open translucent door, spattered with blood here.
You now have 2976 gold pieces (gained 22).
You see here a +0 short sword.
You now have 2993 gold pieces (gained 17).
Things that are here:
a +0 long sword; a +0 ring mail
Things that are here:
a +0 short sword of holy wrath; an elf corpse A deep elf zephyrmancer comes into view.
It is wielding a +0 long sword.
A deep elf zephyrmancer is nearby!
You shoot a slug. The deep elf zephyrmancer shouts!
The slug hits the deep elf zephyrmancer!!
The deep elf zephyrmancer is severely wounded.
You hear a shout!
The deep elf zephyrmancer gestures at you while chanting.
The bolt of lightning misses you.
You shoot a slug.
The slug hits the deep elf zephyrmancer!!
You kill the deep elf zephyrmancer!
Lugonu accepts your kill.
A deep elf zephyrmancer comes into view.
It is wielding a +0 long sword.
A deep elf zephyrmancer is nearby!
A deep elf zephyrmancer is nearby!
You shoot a slug.
The slug hits the deep elf zephyrmancer!
The deep elf zephyrmancer is moderately wounded.
The deep elf zephyrmancer gestures at you while chanting.
The bolt of lightning hits you!
You shoot a slug.
The slug hits the deep elf zephyrmancer!!
The deep elf zephyrmancer is almost dead.
The deep elf zephyrmancer mumbles some strange words.
The deep elf zephyrmancer blinks!
You shoot a slug.
The slug hits the deep elf zephyrmancer!!
You kill the deep elf zephyrmancer!
Lugonu accepts your kill.
There is an open door here.
There is an open door here.
B - 4 scrolls of amnesia (gained 1)
You pick up Foenax Torch's Atlas of Conjuration and begin reading...
It was Foenax Torch's Atlas of Conjuration.
You add the spells Kiss of Death, Searing Ray and Momentum Strike to your library.
There is an open door here.
There is an open door here.
A deep elf pyromancer comes into view. It is wielding a +0 long sword.
A deep elf pyromancer is nearby!
You shoot a slug. The deep elf pyromancer shouts!
The slug hits the deep elf pyromancer!!
You drain the deep elf pyromancer.
The deep elf pyromancer is severely wounded.
You hear a shout!
You shoot a slug.
The slug closely misses the deep elf pyromancer.
You shoot a slug. The slug hits the deep elf pyromancer!!
You kill the deep elf pyromancer!
Lugonu accepts your kill.
You see here a +2 heavy scimitar.
There is an open door here.
You open the door.
There is an open door here.
You open the door.
There is an open door here.
You now have 3001 gold pieces (gained 8).
You open the door.
There is an open door here.
Found a scale mail.
y - a wand of iceblast (51) (gained 3 charges)
An orc comes into view. It is wielding a +0 flail.
You see here a +0 scale mail.
You shoot a slug. The slug hits the orc!
You kill the orc!
Lugonu accepts your kill.
You hear a shout! x3
No target in view!
No target in view!
An orc high priest comes into view. It is wielding a +0 mace.
An orc high priest is nearby!
An orc high priest is nearby!
You shoot a slug.
The slug barely misses the orc high priest.
You hear a shout!
You shoot a slug. The slug hits the orc high priest!!
You drain the orc high priest.
The orc high priest is heavily wounded.
An orc comes into view. It is wielding a +0 flail.
The orc high priest mumbles some strange prayers.
An orc priest comes into view. It is wielding a +0 club.
You shoot a slug. The orc shouts!
The slug hits the orc high priest!!
You kill the orc high priest!
Lugonu accepts your kill.
You shoot a slug. The slug hits the orc priest!
You drain the orc priest.
The orc priest is almost dead.
The orc priest calls down the wrath of Beogh upon you.
Beogh smites you!
An orc comes into view. It is wielding a +0 flail.
The orc priest invokes the aid of Beogh against you.
Beogh smites you!
You shoot a slug. The slug hits the orc!!
You kill the orc!
Lugonu accepts your kill.
The orc priest calls down the wrath of Beogh upon you.
Beogh smites you!
You see here a +0 scale mail.
Fire: b) +11 hand cannon of World's End {drain, rN+ Will+++ Str+3}
Press: ? - help, Q - select action, (/) - cycle Shift-Dir - straight line, f - orc
Aim: an orc, wielding a +0 flail and wearing a +0 leather armour (79% to hit)
You shoot a slug. The slug barely misses the orc.
The orc priest begins to cast a cantrip, but forgets the words!
Fire: b) +11 hand cannon of World's End {drain, rN+ Will+++ Str+3}
Press: ? - help, Q - select action, (/) - cycle Shift-Dir - straight line, f/p - orc
Aim: an orc, wielding a +0 flail and wearing a +0 leather armour (79% to hit)
You shoot a slug. The slug closely misses the orc.
The orc priest looks braver for a moment.
Fire: b) +11 hand cannon of World's End {drain, rN+ Will+++ Str+3}
Press: ? - help, Q - select action, (/) - cycle Shift-Dir - straight line, f/p - orc
Aim: an orc, wielding a +0 flail and wearing a +0 leather armour (79% to hit)
You shoot a slug. The slug hits the orc!
You kill the orc!
Lugonu accepts your kill.
Fire: b) +11 hand cannon of World's End {drain, rN+ Will+++ Str+3}
Press: ? - help, Q - select action, (/) - cycle Shift-Dir - straight line, f - orc priest
Aim: an orc priest, wielding a +0 club and wearing a +0 chain mail (almost dead, heavily drained, 83% to hit)
You shoot a slug. The slug hits the orc priest!!
You kill the orc priest!
Lugonu accepts your kill.
You see here a +0 scale mail.
Things that are here:
a +0 flail; a +0 leather armour
Things that are here:
a +0 flail; a +0 ring mail
Things that are here:
a +0 mace; a +0 scale mail A deep elf pyromancer comes into view.
It is wielding a +0 short sword.
A deep elf pyromancer is nearby!
A deep elf pyromancer is nearby!
You shoot a slug. The deep elf pyromancer shouts!
The slug hits the deep elf pyromancer!
You drain the deep elf pyromancer.
The deep elf pyromancer is moderately wounded.
You shoot a slug. The slug hits the deep elf pyromancer!
You drain the deep elf pyromancer.
The deep elf pyromancer is heavily wounded.
You shoot a slug.
The slug closely misses the deep elf pyromancer.
You shoot a slug.
The slug barely misses the deep elf pyromancer.
You shoot a slug. The slug hits the deep elf pyromancer!!
You kill the deep elf pyromancer!
Lugonu accepts your kill.
You now have 3038 gold pieces (gained 37).
Things that are here:
a +0 short sword; a +0 ring mail; an elf corpse You open the door.
Found a burning altar of Makhleb.
Found a runed translucent door.
You open the door.
There is an open translucent door here.
You open the door.
There is an open translucent door here.
You open the door.
There is an open door here.
You open the door.
There is an open door here.
Found a stone staircase leading down.
You see here the +9 dagger of Regicide {freeze, Str+3 Dex+2}.
There is an open translucent door here.
There is a stone staircase leading down here.
There is an open door here.
There is an open door here.
There is an open door here.
Found a stone staircase leading down.
There is a stone staircase leading down here.
A deep elf archer is nearby!
You shoot a slug. The slug is repelled.
The deep elf archer shouts! x2; You hear a shout!
A deep elf pyromancer comes into view. It is wielding a +0 long sword.
The deep elf archer unwields a +0 dagger.
The deep elf archer wields a +0 shortbow.
The deep elf archer shoots an arrow.
The arrow is repelled.
You shoot a slug.
The slug completely misses the deep elf archer.
The slug hits the deep elf pyromancer!!
You drain the deep elf pyromancer!
You kill the deep elf pyromancer!
Lugonu accepts your kill.
You hear a shout! x2
The deep elf archer unwields a +0 short sword.
The deep elf archer wields a +0 shortbow.
The deep elf archer shoots an arrow.
The arrow completely misses you.
The deep elf archer shoots an arrow.
The arrow completely misses you.
You have reached level 19!
You shoot a slug. The slug is repelled.
The deep elf archer shoots an arrow.
The arrow completely misses you.
The deep elf archer shoots an arrow.
The arrow completely misses you.
You shoot a slug. The slug hits the deep elf archer!!
You drain the deep elf archer.
The deep elf archer is heavily wounded.
The deep elf archer shoots an arrow.
The arrow completely misses you.
You shoot a slug. The slug hits the deep elf archer!
You drain the deep elf archer.
The deep elf archer is heavily wounded.
The deep elf archer shoots an arrow.
The arrow completely misses you.
The deep elf archer shoots an arrow.
The arrow misses you.
You shoot a slug. The slug misses the deep elf archer.
The slug barely misses the deep elf knight.
The deep elf archer shoots an arrow.
The arrow is repelled.
The deep elf archer shoots an arrow.
The arrow completely misses you.
You shoot a slug.
The slug is repelled. x2; The slug hits the deep elf knight!
You drain the deep elf knight.
The deep elf knight is moderately wounded.
The deep elf archer shoots an arrow.
The arrow completely misses you.
The deep elf archer shoots an arrow.
The arrow hits you!
The deep elf archer shoots an arrow.
The arrow completely misses you.
You shoot a slug. The slug hits the deep elf archer!
You drain the deep elf archer.
The deep elf archer is moderately wounded.
The deep elf archer shoots an arrow.
The arrow completely misses you.
You shoot a slug. The slug misses the deep elf archer.
The slug hits the deep elf archer!!
You drain the deep elf archer.
The deep elf archer is almost dead.
The deep elf archer shoots an arrow.
The arrow completely misses you.
You shoot a slug. The slug hits the deep elf knight!
The deep elf knight is heavily wounded.
You shoot a slug. The slug hits the deep elf knight!
You drain the deep elf knight.
The deep elf knight is almost dead.
The deep elf knight gestures wildly while chanting.
The deep elf knight seems to speed up.
You shoot a slug.
The slug closely misses the deep elf knight.
The slug hits the deep elf archer!
You drain the deep elf archer.
The deep elf archer is almost dead.
The deep elf archer shoots an arrow.
The arrow hits you but does no damage.
There is a stone staircase leading down here.
You shoot a slug. The slug hits the deep elf knight!!
You kill the deep elf knight!
Lugonu accepts your kill.
The deep elf archer shoots an arrow.
The arrow hits you!
The deep elf archer shoots an arrow.
The arrow completely misses you.
You shoot a slug. The slug is repelled.
The deep elf archer shoots an arrow.
The arrow is repelled.
The deep elf archer casts a spell at you.
You resist with almost no effort.
You shoot a slug. The slug hits the deep elf archer!!
You kill the deep elf archer!
Lugonu accepts your kill.
The deep elf archer shoots an arrow.
The arrow misses you.
You shoot a slug. The slug misses the deep elf archer.
The deep elf archer shoots an arrow.
The arrow completely misses you.
The deep elf archer shoots an arrow.
The arrow completely misses you.
You shoot a slug. The slug is repelled.
The deep elf archer shoots an arrow.
The arrow is repelled.
The deep elf archer shoots an arrow.
The arrow completely misses you.
The deep elf archer shoots an arrow.
The arrow is repelled.
You shoot a slug. The slug is repelled.
The deep elf archer gestures at you while chanting.
You resist with almost no effort.
The deep elf archer shoots an arrow.
The arrow completely misses you.
The deep elf archer shoots an arrow.
The arrow hits you!
You shoot a slug. The slug hits the deep elf archer.
You drain the deep elf archer.
You kill the deep elf archer!
Lugonu accepts your kill.
The deep elf archer seems less drained.
The deep elf archer shoots an arrow.
The arrow is repelled.
You shoot a slug. The slug misses the deep elf archer.
The deep elf archer shoots an arrow.
The arrow completely misses you.
You shoot a slug. The slug misses the deep elf archer.
You shoot a slug. The slug is repelled.
The deep elf archer shoots an arrow.
The arrow completely misses you.
You shoot a slug. The slug hits the deep elf archer!
The deep elf archer is moderately wounded.
The deep elf archer shoots an arrow.
The arrow misses you.
The deep elf archer shoots an arrow.
The arrow hits you!
You shoot a slug.
The slug completely misses the deep elf archer.
The deep elf archer shoots an arrow.
The arrow completely misses you.
You shoot a slug. The slug hits the deep elf archer!!
You drain the deep elf archer.
You kill the deep elf archer!
Lugonu accepts your kill.
No target in view!
No target in view!
No target in view!
There is a stone staircase leading down here.
You see here a +0 short sword.
Items here: )))) [[.
You open the door.
There is an open translucent door here.
There is an open door here.
There is an open door here.
There is an open door here.
There is an open door here.
Found a rapier.
There is an open door here.
There is an open door here.
There is an open door here.
A +0 battleaxe of venom is nearby!
A +0 battleaxe of venom is nearby!
You shoot a slug.
The slug hits the +0 battleaxe of venom.
The +0 battleaxe of venom is lightly damaged.
The +0 battleaxe of venom hits you but does no damage.
The +0 battleaxe of venom hits you!!
You shoot a slug.
The slug closely misses the +0 battleaxe of venom.
The +0 battleaxe of venom hits you!
You are too injured to fight recklessly!
Fire: b) +11 hand cannon of World's End {drain, rN+ Will+++ Str+3}
Press: ? - help, Q - select action, (/) - cycle Shift-Dir - straight line, f/p - +0 battleaxe of venom
Aim: a +0 battleaxe of venom (67% to hit)
You shoot a slug.
The slug hits the +0 battleaxe of venom.
The +0 battleaxe of venom is lightly damaged.
The +0 battleaxe of venom hits you!
You are poisoned.
Fire: b) +11 hand cannon of World's End {drain, rN+ Will+++ Str+3}
Press: ? - help, Q - select action, (/) - cycle Shift-Dir - straight line, f/p - +0 battleaxe of venom
Aim: a +0 battleaxe of venom (lightly damaged, 67% to hit)
You shoot a slug.
The slug hits the +0 battleaxe of venom.
The +0 battleaxe of venom is moderately damaged.
You feel very sick.
The +0 battleaxe of venom closely misses you.
The +0 battleaxe of venom barely misses you.
Fire: b) +11 hand cannon of World's End {drain, rN+ Will+++ Str+3}
Press: ? - help, Q - select action, (/) - cycle Shift-Dir - straight line, f/p - +0 battleaxe of venom
Aim: a +0 battleaxe of venom (magical condensation, moderately damaged, 67% to hit)
You shoot a slug.
The slug hits the +0 battleaxe of venom but does no damage.
The +0 battleaxe of venom is moderately damaged.
You feel very sick.
The +0 battleaxe of venom completely misses you.
Fire: b) +11 hand cannon of World's End {drain, rN+ Will+++ Str+3}
Press: ? - help, Q - select action, (/) - cycle Shift-Dir - straight line, f/p - +0 battleaxe of venom
Aim: a +0 battleaxe of venom (magical condensation, moderately damaged, 67% to hit)
You shoot a slug.
The slug barely misses the +0 battleaxe of venom.
You feel sick. The +0 battleaxe of venom hits you.
You are more poisoned.
The +0 battleaxe of venom completely misses you.
Fire: b) +11 hand cannon of World's End {drain, rN+ Will+++ Str+3}
Press: ? - help, Q - select action, (/) - cycle Shift-Dir - straight line, f/p - +0 battleaxe of venom
Aim: a +0 battleaxe of venom (magical condensation, lightly damaged, 67% to hit)
You shoot a slug.
The slug hits the +0 battleaxe of venom!
The +0 battleaxe of venom is moderately damaged.
You feel very sick. The +0 battleaxe of venom hits you!!
* * * LOW HITPOINT WARNING * * *
Okay, then.
You feel yourself speed up.
You feel very sick. The +0 battleaxe of venom hits you!
* * * LOW HITPOINT WARNING * * *
The +0 battleaxe of venom hits you!!
You die...

#..[..#..[..#.....#....÷......#..
...#.....#.....#.......)<.....#.>
##.#.###.#.###.#..............#..
...#.....#.....#........).....#..
..............................#..
..............................'..
..............................#..
...............(.○..........[.#).
'###..##########@###########).#..
...#..#.........○..........#..#..
...#..#....................#..#..
#..#..#..################..#..#..
'..#..#..#..............#..#..#..
#..#..#..#..............#..#..#..
#..#..#..#..............#..#..#..
#..#.)#..#...........)..#..#..#..
#..#..#..#..............#..#..#..


You could see a +0 battleaxe of venom.

Vanquished Creatures
  Jorgrun (Shoals:3)
  Rupert (Lair:5)
  Polyphemus (Shoals:3)
  Gastronok (D:12)
  A kraken (Shoals:1)
  A storm dragon (Shoals:4)
  9 nagarajas
  A deep elf elementalist (Elf:1)
  A reaper (IceCv)
  A formless jellyfish (Shoals:3)
  An ironbound thunderhulk (D:14)
  A deep elf annihilator (Elf:1)
  The ghost of Mummolef the Mimic, a journeyman TrSh of the Shining One (Orc:1)
  Snorg (Lair:4)
  7 merfolk impalers
  7 merfolk javelineers
  A vault guard (D:14)
  8 hydras
  Harold (D:11)
  2 salamander tyrants (Snake:4)
  An alligator snapping turtle (Shoals:4)
  2 catoblepae
  A satyr (Shoals:3)
  A sphinx zombie (D:15)
  3 boulder beetles
  9 merfolk aquamancers
  9 anacondas
  2 dancing weapons (Elf:1)
  6 centaur warriors
  15 death yaks
  A tengu warrior (D:14)
  6 two-headed ogres
  An occultist (D:14)
  14 naga warriors
  2 orc high priests
  2 sphinx skeletons (D:15)
  Urug (Orc:2)
  A vampire mage (D:15)
  9 naga sharpshooters
  4 deep elf knights
  4 shock serpents
  4 skysharks
  8 sea snakes
  Amaemon (Lair:2)
  Lodul (D:12)
  Nergalle (D:10)
  A glowing orange brain (Snake:2)
  5 salamander mystics
  5 skeletal warriors
  9 mana vipers
  3 deep elf archers (Elf:1)
  10 naga ritualists
  A harpy (shapeshifter) (Elf:1)
  An orc knight (D:10)
  14 deep elf pyromancers
  7 ugly things
  15 harpies
  6 cyclopes
  7 deep elf zephyrmancers (Elf:1)
  11 salamanders
  A necromancer (D:15)
  4 fauns
  11 elephants
  A salamander (shapeshifter) (Elf:1)
  10 manticores
  An orc sorcerer (Orc:1)
  8 kobold blastminers
  5 merfolk sirens
  20 naga magi
  48 black mambas
  4 guardian serpents
  2 ice statues (IceCv)
  12 water nymphs
  A gargoyle (D:10)
  24 cane toads
  4 kobold demonologists (D:13)
  7 rime drakes
  An orange demon (Lair:2)
  2 unseen horrors
  13 komodo dragons
  Psyche (D:9)
  6 ice devils (IceCv)
  6 trolls
  An anaconda simulacrum (IceCv)
  10 wind drakes
  A queen bee (shapeshifter) (D:13)
  30 merfolk
  Grinder (D:6)
  3 tyrant leeches (Lair:5)
  A tarantella (Snake:2)
  10 polar bears
  3 hornets
  17 blink frogs
  7 dream sheep
  12 slime creatures
  2 snapping turtles
  11 air elementals
  2 shadows
  59 yaks
  A vampire (D:10)
  19 water elementals
  4 wyverns
  4 wraiths
  4 dire elephant simulacra (IceCv)
  3 humans (D:14)
  11 vampire mosquitoes
  5 basilisks
  5 steam dragons
  4 wargs
  A harpy simulacrum (IceCv)
  55 nagas
  4 acid dragons
  3 hydra simulacra (IceCv)
  14 water moccasins
  46 orc warriors
  2 ice beasts
  2 laughing skulls (D:13)
  13 ogres
  A crocodile (D:12)
  27 centaurs
  17 wolves
  3 boggarts
  A phantom (D:6)
  6 kobold brigands
  2 gnoll sergeants
  31 bullfrogs
  An earth elemental (Elf:1)
  2 scorpions
  5 wights
  3 killer bees (D:9)
  4 howler monkeys
  3 electric eels
  5 jellies
  5 bombardier beetles
  12 orc priests
  A gnoll bouda (D:7)
  2 hounds (D:7)
  Jessica (D:2)
  3 sleepcaps
  Terence (D:2)
  3 iguanas
  17 orc wizards
  A polar bear simulacrum (IceCv)
  A spriggan simulacrum (IceCv)
  A wolf simulacrum (IceCv)
  A boggart simulacrum (D:15)
  31 gnolls
  3 adders
  2 white imps
  4 ufetubi
  3 dart slugs
  A ribbon worm (D:4)
  94 orcs
  4 endoplasms
  3 giant cockroaches
  6 goblins
  7 hobgoblins
  22 kobolds
  7 quokkas
  6 ball pythons
  5 bats
  4 frilled lizards
  7 rats
  A tentacle (Shoals:1)
1184 creatures vanquished.

Vanquished Creatures (collateral kills)
  Agnes (D:15)
  Donald (Orc:1)
  A snapping turtle (Shoals:3)
3 creatures vanquished.

Vanquished Creatures (others)
  A dancing weapon (Elf:1)
  A water elemental (Shoals:4)
  90 foxfires
  66 tentacles (Shoals:1)
158 creatures vanquished.

Grand Total: 1345 creatures vanquished

Notes
Turn   | Place    | Note
-------+----------+-------------------------------------------
     0 | D:1      | sleeves the Spriggan Fire Elementalist began the quest for
                  | the Orb.
     0 | D:1      | Reached XP level 1. HP: 9/9 MP: 5/5
   152 | D:1      | Found Alaheim's Antique Weapon Emporium.
   215 | D:1      | Reached skill level 4 in Stealth
   215 | D:1      | Reached XP level 2. HP: 13/13 MP: 0/6
   632 | D:1      | Reached skill level 5 in Stealth
   735 | D:1      | Reached skill level 1 in Short Blades
   750 | D:1      | HP: 6/13 [gnoll/+0 spear (7)]
   785 | D:1      | Reached XP level 3. HP: 13/16 MP: 0/8
  1410 | D:2      | Identified the +9 sling of Ebuinn {flame, rF+ Str+5 Int-5}
  1469 | D:2      | Noticed Terence
  1478 | D:2      | Killed Terence
  1479 | D:2      | Reached skill level 2 in Short Blades
  1479 | D:2      | Reached XP level 4. HP: 21/21 MP: 9/9
  1480 | D:2      | Reached skill level 1 in Ranged Weapons
  1482 | D:2      | Reached skill level 6 in Stealth
  1588 | D:2      | Noticed Jessica
  1594 | D:2      | Killed Jessica
  1807 | D:2      | Reached skill level 2 in Ranged Weapons
  1807 | D:2      | Reached XP level 5. HP: 24/24 MP: 10/10
  1957 | D:3      | Reached skill level 7 in Stealth
  2024 | D:3      | Found a faded altar of an unknown god.
  2039 | D:3      | Found Enelamya's Armour Boutique.
  2044 | D:3      | Bought a +2 cloak of willpower for 215 gold pieces
  2221 | D:4      | Reached skill level 3 in Ranged Weapons
  2272 | D:4      | Identified the +2 spear of the Spider {flame, *Rage rN+
                  | Str+2 Stlth+}
  2287 | D:4      | Reached XP level 6. HP: 28/28 MP: 11/11
  2318 | D:4      | Reached skill level 8 in Stealth
  2446 | D:4      | Found an ornate altar of the Wu Jian Council.
  2543 | D:4      | Found Qieseaw's General Store.
  2553 | D:4      | Found Teleirr's Weapon Boutique.
  2588 | D:4      | Bought a potion of curing for 36 gold pieces
  2588 | D:4      | Bought a scroll of identify for 24 gold pieces
  2658 | D:4      | Reached skill level 4 in Ranged Weapons
  2838 | D:5      | Entered Level 5 of the Dungeon
  2862 | D:5      | Reached skill level 9 in Stealth
  2862 | D:5      | Reached XP level 7. HP: 32/32 MP: 12/12
  2973 | D:5      | Reached skill level 5 in Ranged Weapons
  2987 | D:5      | Found Rayjeawk's Armour Boutique.
  3494 | D:6      | Noticed Grinder
  3511 | D:6      | Killed Grinder
  3512 | D:6      | Reached skill level 6 in Ranged Weapons
  3601 | D:6      | Reached skill level 7 in Ranged Weapons
  3601 | D:6      | Reached XP level 8. HP: 31/36 MP: 13/13
  3689 | D:6      | Found a staircase to the Ecumenical Temple.
  3714 | Temple   | Entered the Ecumenical Temple
  3774 | D:3      | Prayed at the altar of an unknown god.
  3774 | D:3      | Became a worshipper of Lugonu the Unformed
  3774 | D:3      | Reached * piety under Lugonu
  3909 | D:6      | Reached skill level 8 in Ranged Weapons
  4149 | D:6      | Reached skill level 9 in Ranged Weapons
  4443 | D:7      | Reached skill level 10 in Ranged Weapons
  4474 | D:7      | Reached XP level 9. HP: 39/39 MP: 14/14
  4536 | D:7      | Found an ancient bone altar of Kikubaaqudgha.
  4536 | D:7      | Found a shadowy altar of Dithmenos.
  4541 | D:7      | Found a blossoming altar of Fedhas.
  4545 | D:7      | Found a faded altar of an unknown god.
  4548 | D:7      | Found a broken altar of Ashenzari.
  4589 | D:7      | Reached skill level 1 in Fighting
  4666 | D:7      | Reached ** piety under Lugonu
  4832 | D:7      | Found a flagged portal.
  4982 | Bailey   | Entered a bailey
  5004 | Bailey   | Reached skill level 2 in Fighting
  5074 | Bailey   | HP: 21/42 [centaur/javelin (14)]
  5425 | Bailey   | Reached skill level 3 in Fighting
  5439 | Bailey   | Reached skill level 11 in Ranged Weapons
  5533 | Bailey   | Reached skill level 4 in Fighting
  5534 | Bailey   | Identified the ring "Nije" {^Drain rF- rN+ Str+6 Dex+6}
  5630 | Bailey   | Reached XP level 10. HP: 51/51 MP: 15/15
  5693 | Bailey   | Identified the +2 leather armour of Twilight {Int+7 Slay-3}
  5899 | D:7      | Reached skill level 13 in Ranged Weapons
  5899 | D:7      | Reached skill level 7 in Invocations
  5899 | D:7      | Reached XP level 11. HP: 54/54 MP: 15/17
  6341 | D:8      | Reached *** piety under Lugonu
  6405 | D:8      | Found an opulent altar of Gozag.
  6417 | D:8      | Reached skill level 5 in Fighting
  6578 | D:8      | Noticed a two-headed ogre
  6583 | D:8      | Killed a two-headed ogre
  6673 | D:8      | Found a glowing silver altar of Zin.
  6790 | D:9      | Noticed a two-headed ogre
  6792 | D:9      | Noticed a two-headed ogre
  6814 | D:9      | Killed a two-headed ogre
  6815 | D:9      | Reached skill level 14 in Ranged Weapons
  6820 | D:9      | Killed a two-headed ogre
  6821 | D:9      | Reached skill level 6 in Fighting
  6931 | D:9      | Found a sparkling altar of Nemelex Xobeh.
  7055 | D:9      | Reached skill level 7 in Fighting
  7100 | D:9      | Noticed Psyche
  7105 | D:9      | Killed Psyche
  7136 | D:9      | Reached **** piety under Lugonu
  7145 | D:9      | Reached skill level 8 in Fighting
  7201 | D:9      | Found a staircase to the Lair.
  7466 | D:10     | Entered Level 10 of the Dungeon
  7678 | D:10     | Identified 2 scrolls of acquirement
  7680 | D:10     | HP: 30/60 [gnoll/+0 flail (11)]
  7781 | D:10     | Acquired the +2 hat of the Solstice {rC+ Regen+}
  7788 | D:10     | Acquired 902 gold pieces
  8016 | D:10     | Noticed a two-headed ogre
  8037 | D:10     | Killed a two-headed ogre
  8038 | D:10     | Reached skill level 9 in Fighting
  8128 | D:10     | Reached XP level 12. HP: 66/66 MP: 18/18
  8418 | D:10     | Found a staircase to the Orcish Mines.
  8651 | D:11     | Noticed a centaur warrior
  8660 | D:11     | HP: 26/67 [centaur warrior/arrow (15)]
  8661 | D:11     | Killed a centaur warrior
  8662 | D:11     | Reached skill level 10 in Fighting
  8680 | D:11     | Noticed a two-headed ogre
  8700 | D:10     | Reached skill level 3 in Dodging
  8723 | D:11     | Noticed Nergalle
  8781 | D:11     | Reached skill level 4 in Dodging
  8808 | D:11     | HP: 30/67 [gnoll sergeant/+0 spear (9)]
  8935 | D:11     | Reached skill level 5 in Dodging
  8963 | D:11     | Reached ***** piety under Lugonu
  9084 | D:11     | Reached skill level 6 in Dodging
  9273 | D:10     | HP: 29/62 [Nergalle/bolt of negative energy (33)]
  9280 | D:10     | HP: 19/62 [spectral orc knight/+0 halberd[Nergalle] (15)]
  9357 | D:10     | HP: 26/56 [spectral orc knight/+0 halberd[Nergalle] (4)]
  9558 | D:11     | Killed a two-headed ogre
  9760 | D:11     | Reached skill level 7 in Dodging
  9796 | D:11     | Noticed Harold
  9910 | D:10     | Killed Nergalle
  9911 | D:10     | Reached skill level 8 in Dodging
 10003 | Lair:1   | Entered Level 1 of the Lair of Beasts
 10084 | Lair:1   | Reached skill level 9 in Dodging
 10088 | Lair:1   | Acquired 513 gold pieces
 10295 | Lair:1   | Reached skill level 10 in Dodging
 10376 | Lair:1   | Reached skill level 11 in Dodging
 11118 | Lair:2   | Reached skill level 12 in Dodging
 11182 | Lair:2   | Found a transporter.
 11197 | Lair:2   | Noticed bobo's ghost (journeyman BaHu)
 11210 | Lair:2   | Found a transporter.
 11290 | Lair:2   | Reached XP level 13. HP: 72/72 MP: 19/19
 11726 | Lair:2   | Reached skill level 13 in Dodging
 12069 | Lair:2   | Found a staircase to the Snake Pit.
 12234 | Lair:2   | Reached skill level 14 in Dodging
 12264 | Lair:2   | Noticed Amaemon
 12401 | Lair:2   | Killed Amaemon
 12409 | Lair:2   | HP: 34/72 [death yak (21)]
 12543 | Lair:2   | Reached skill level 15 in Dodging
 12636 | Lair:2   | Reached skill level 1 in Armour
 12804 | Lair:2   | HP: 34/72 [black mamba (9)]
 12809 | Lair:2   | HP: 25/72 [poisoned by a black mamba]
 12814 | Lair:2   | HP: 22/72 [poisoned by a black mamba]
 12819 | Lair:2   | HP: 22/72 [poisoned by a black mamba]
 12828 | Lair:2   | Reached skill level 2 in Armour
 12984 | Lair:2   | HP: 29/72 [eight-headed hydra (9)]
 12994 | Lair:2   | Reached skill level 8 in Invocations
 13639 | Lair:2   | Reached skill level 3 in Armour
 13749 | Lair:2   | HP: 36/72 [death yak (17)]
 13891 | Lair:2   | Identified the +3 mace "Newtslayer" {drain, *Corrode rN++
                  | Stlth+}
 14049 | Lair:3   | Got Sif Muna's Directory of Sparks
 14137 | Lair:3   | Found a frozen archway.
 14152 | IceCv    | Entered an ice cave
 14191 | IceCv    | Reached skill level 9 in Invocations
 14198 | IceCv    | Reached skill level 4 in Armour
 14476 | IceCv    | HP: 35/72 [constriction (3)]
 14477 | IceCv    | HP: 16/72 [constriction (4)]
 14586 | IceCv    | Reached XP level 14. HP: 77/77 MP: 20/22
 14621 | IceCv    | Noticed a reaper
 14722 | IceCv    | Killed a reaper
 15108 | Lair:3   | Found a staircase to the Shoals.
 15115 | Lair:3   | Reached ****** piety under Lugonu
 15688 | Lair:3   | Reached skill level 5 in Armour
 15844 | Lair:4   | Reached skill level 10 in Invocations
 16052 | Lair:4   | HP: 33/77 [polar bear (11)]
 16132 | Lair:4   | Found a staircase to the Slime Pits.
 16165 | Lair:4   | Found a viscous altar of Jiyva.
 16330 | Lair:4   | Reached skill level 6 in Armour
 16371 | Lair:4   | HP: 38/77 [elephant (14)]
 16374 | Lair:4   | Noticed Snorg
 16793 | Lair:4   | Reached skill level 11 in Invocations
 16913 | Lair:4   | Killed Snorg
 17069 | Lair:5   | Entered Level 5 of the Lair of Beasts
 17232 | Lair:5   | Reached skill level 7 in Armour
 17290 | Lair:5   | Noticed Rupert
 17713 | Lair:5   | Reached skill level 12 in Invocations
 17782 | Lair:5   | Got the Discursus on Calcination
 18126 | Lair:4   | Reached XP level 15. HP: 80/80 MP: 25/25
 18287 | Lair:5   | Killed Rupert
 18697 | Orc:1    | Entered Level 1 of the Orcish Mines
 18697 | Orc:1    | Noticed Mummolef's ghost (journeyman TrSh)
 18697 | Orc:1    | Found a runed translucent door.
 18921 | Orc:1    | Found Nauvvum's Jewellery Shoppe.
 18983 | Orc:1    | Reached skill level 8 in Armour
 19722 | Orc:1    | Killed Mummolef's ghost
 19766 | Orc:2    | Entered Level 2 of the Orcish Mines
 19788 | Orc:2    | Found a staircase to the Elven Halls.
 19809 | Orc:2    | Noticed Urug
 19826 | Orc:2    | Killed Urug
 20058 | Orc:2    | Noticed Donald
 20235 | Orc:1    | Killed Donald
 20236 | Orc:1    | Reached skill level 13 in Invocations
 20502 | Orc:2    | Found a transporter.
 20504 | Orc:2    | Found a transporter.
 20514 | Orc:2    | Found a bloodstained altar of Trog.
 20522 | Orc:2    | Noticed CrossHare's ghost (journeyman CoGl)
 20633 | Orc:2    | HP: 37/81 [kobold blastminer/bolt (13)]
 20697 | Orc:2    | Found Lemelues's Weapon Shop.
 20697 | Orc:2    | Found Zupimm's General Store.
 20697 | Orc:2    | Found Ojeeczabb's Antique Armour Emporium.
 20700 | Orc:2    | Found Monal's Distillery.
 20705 | Orc:2    | Bought 3 scrolls of teleportation for 135 gold pieces
 20712 | Orc:2    | Bought a potion of curing for 42 gold pieces
 20712 | Orc:2    | Bought a potion of curing for 42 gold pieces
 20712 | Orc:2    | Bought 2 potions of haste for 280 gold pieces
 20747 | Orc:2    | Found a roughly hewn altar of Beogh.
 21153 | D:10     | Reached skill level 11 in Fighting
 21503 | D:12     | Noticed Gastronok
 21561 | D:12     | Killed Gastronok
 22020 | D:12     | Noticed Lodul
 22027 | D:12     | HP: 41/83 [Lodul/bolt of lightning (36)]
 22029 | D:12     | Killed Lodul
 22080 | D:12     | Noticed Sonja
 22081 | D:12     | Sonja changed into Sonja the crocodile
 22081 | D:12     | Noticed Sonja
 22093 | D:12     | Killed Sonja the crocodile
 22373 | D:13     | HP: 36/76 [laughing skull/bolt of negative energy (17)]
 22664 | D:13     | Reached skill level 14 in Invocations
 22918 | D:13     | Identified the +0 chain mail of Light {+Inv rElec Will-
                  | Str+7}
 23185 | Lair:2   | HP: 42/84 [poisoned by a black mamba]
 23190 | Lair:2   | HP: 38/84 [poisoned by a black mamba]
 23195 | Lair:2   | HP: 38/84 [poisoned by a black mamba]
 23757 | D:14     | Reached skill level 12 in Fighting
 23827 | D:14     | Found a hazy altar of Hepliaklqana.
 23958 | D:13     | HP: 42/84 [skeletal warrior/+1 battleaxe of freezing (1)]
 24357 | D:14     | Found a gate to the Vaults.
 24527 | D:15     | Entered Level 15 of the Dungeon
 24651 | D:14     | Reached XP level 16. HP: 73/88 MP: 27/27
 24799 | D:15     | Noticed Agnes
 24811 | D:15     | Killed Agnes
 25007 | D:15     | Found a staircase to the Depths.
 25074 | D:15     | Reached skill level 15 in Ranged Weapons
 25120 | D:15     | Found a portal to a secret trove of treasure.
 25616 | D:15     | HP: 40/90 [occultist/fireball (12)]
 26133 | Orc:1    | Bought the ring "Ememioz" {rPois Will+ rCorr Str-3} for 426
                  | gold pieces
 26204 | D:11     | Killed Harold
 26289 | Depths:1 | Entered Level 1 of the Depths
 26289 | Depths:1 | Noticed Nikola
 26497 | Snake:1  | Entered Level 1 of the Snake Pit
 26652 | Snake:1  | Reached skill level 16 in Dodging
 26879 | Snake:1  | Reached skill level 1 in Evocations
 26916 | Snake:1  | Found Biadajim's Distillery.
 26918 | Snake:1  | Found Irghir's Assorted Antiques.
 26921 | Snake:1  | Found Netitweisk's Magic Scroll Emporium.
 26924 | Snake:1  | Bought a potion of heal wounds for 90 gold pieces
 26924 | Snake:1  | Bought a potion of heal wounds for 90 gold pieces
 26924 | Snake:1  | Bought a potion of curing for 54 gold pieces
 26959 | Snake:1  | HP: 45/90 [naga sharpshooter/arrow (10)]
 27008 | Snake:1  | Bought a scroll of teleportation for 48 gold pieces
 27061 | Snake:1  | Reached skill level 2 in Evocations
 27368 | Snake:1  | Found Duxuer's Weapon Shop.
 27500 | Snake:1  | HP: 45/90 [anaconda[a naga ritualist] (3)]
 27501 | Snake:1  | HP: 22/90 [constriction[a naga ritualist] (4)]
 27737 | Snake:1  | Reached skill level 3 in Evocations
 27834 | Snake:1  | HP: 45/90 [constriction[a naga ritualist] (3)]
 27842 | Snake:1  | Reached skill level 16 in Ranged Weapons
 28515 | Snake:2  | Reached skill level 4 in Evocations
 28724 | Snake:2  | Found a transporter.
 28727 | Snake:2  | Noticed ytrimaz's ghost (adept DsSu)
 28787 | Snake:2  | HP: 43/90 [constriction (5)]
 28789 | Snake:2  | HP: 10/90 [anaconda (14)]
 29223 | Snake:2  | Reached skill level 13 in Fighting
 29223 | Snake:2  | Reached skill level 5 in Evocations
 29755 | Snake:2  | Found a transporter.
 29925 | Snake:3  | HP: 43/91 [black mamba[a naga ritualist] (7)]
 29930 | Snake:3  | HP: 41/91 [poisoned by a black mamba]
 30086 | Snake:3  | Reached skill level 17 in Dodging
 30191 | Snake:2  | Reached skill level 6 in Evocations
 30419 | Snake:2  | HP: 45/91 [anaconda[a naga ritualist] (2)]
 30650 | Snake:2  | Reached XP level 17. HP: 77/95 MP: 28/28
 30825 | Snake:3  | Reached skill level 17 in Ranged Weapons
 31003 | Snake:3  | Found Emexyent's Book Emporium.
 31003 | Snake:3  | Found Bior's Weapon Shoppe.
 31005 | Snake:3  | Found Sabafo's Armour Emporium.
 31007 | Snake:3  | Found Cymmoigu's Assorted Antiques.
 31107 | Snake:3  | Bought a scroll of fear for 152 gold pieces
 31107 | Snake:3  | Bought 3 scrolls of fear for 456 gold pieces
 31107 | Snake:3  | Bought a scroll of teleportation for 114 gold pieces
 31121 | Snake:3  | Reached skill level 7 in Evocations
 31127 | Snake:3  | Learned a level 5 spell: Freezing Cloud
 31134 | Snake:3  | Learned a level 6 spell: Sculpt Simulacrum
 31231 | Snake:3  | Reached skill level 1 in Ice Magic
 31477 | Snake:3  | Reached skill level 2 in Ice Magic
 31645 | Snake:4  | Entered Level 4 of the Snake Pit
 31880 | Snake:4  | Reached skill level 3 in Ice Magic
 32060 | Snake:4  | Reached skill level 8 in Evocations
 32766 | Snake:4  | Reached skill level 4 in Ice Magic
 33207 | Snake:4  | Reached skill level 18 in Dodging
 33362 | Snake:4  | Reached skill level 9 in Evocations
 33388 | Snake:4  | Reached skill level 5 in Ice Magic
 33392 | Snake:4  | HP: 48/96 [poisoned by a nagaraja (poison arrow)]
 33397 | Snake:4  | HP: 48/96 [poisoned by a nagaraja (poison arrow)]
 33508 | Snake:4  | HP: 47/96 [poisoned by a nagaraja (bolt of poison)]
 33513 | Snake:4  | HP: 46/96 [poisoned by a nagaraja (bolt of poison)]
 33950 | Snake:4  | Got a serpentine rune of Zot
 34134 | Shoals:1 | Entered Level 1 of the Shoals
 34148 | Shoals:1 | Found Liptal's Island Escapes.
 34221 | Shoals:1 | Noticed a kraken
 34756 | Shoals:1 | Killed a kraken
 34871 | Shoals:2 | Reached skill level 6 in Ice Magic
 34973 | Shoals:1 | Reached skill level 14 in Fighting
 35063 | Shoals:2 | HP: 48/97 [poisoned by a sea snake]
 35068 | Shoals:2 | HP: 45/97 [poisoned by a sea snake]
 35246 | Shoals:2 | Reached skill level 10 in Evocations
 35477 | Shoals:3 | Noticed Polyphemus
 35511 | Shoals:2 | HP: 43/97 [death yak[Polyphemus] (16)]
 35582 | Shoals:2 | Reached XP level 18. HP: 65/102 MP: 29/29
 35634 | Shoals:3 | HP: 44/102 [Polyphemus/large rock (43)]
 35642 | Shoals:2 | HP: 46/102 [death yak[Polyphemus] (5)]
 35760 | Shoals:3 | Reached skill level 7 in Ice Magic
 35869 | Shoals:3 | Noticed Jorgrun
 35881 | Shoals:3 | Paralysed by a formless jellyfish for 1 turns
 35882 | Shoals:3 | HP: 42/102 [Jorgrun/staff of earth (31)]
 35882 | Shoals:3 | HP: 20/102 [merfolk/+0 trident (10)]
 35924 | Shoals:3 | Killed Jorgrun
 35953 | Shoals:3 | HP: 43/102 [Polyphemus (24)]
 35954 | Shoals:3 | Killed Polyphemus
 36078 | Shoals:3 | HP: 41/102 [satyr/arrow (29)]
 36083 | Shoals:3 | HP: 34/102 [faun/sling bullet[a satyr] (12)]
 36090 | Shoals:3 | HP: 28/102 [merfolk/boomerang (13)]
 36276 | Shoals:3 | Reached skill level 19 in Dodging
 36747 | Shoals:3 | Reached skill level 8 in Ice Magic
 37030 | Shoals:4 | Entered Level 4 of the Shoals
 37030 | Shoals:4 | Found a stormy altar of Qazlal.
 37169 | Shoals:3 | HP: 40/102 [wind drake/the air (26)]
 37247 | Shoals:4 | Paralysed by an air elemental for 1 turns
 37251 | Shoals:4 | HP: 50/102 [wind drake/the air (18)]
 37320 | Shoals:3 | Paralysed by an air elemental for 1 turns
 37406 | Shoals:4 | HP: 45/102 [wind drake/the air (19)]
 37655 | Shoals:4 | HP: 49/102 [water nymph/the raging water (29)]
 37657 | Shoals:4 | Paralysed by an air elemental for 1 turns
 37825 | Shoals:4 | Paralysed by an air elemental for 1 turns
 37825 | Shoals:4 | HP: 49/102 [air elemental/stunning burst (16)]
 37830 | Shoals:4 | HP: 18/102 [merfolk aquamancer/shard of ice (14)]
 38065 | Shoals:4 | Reached skill level 9 in Ice Magic
 38140 | Shoals:4 | Paralysed by an air elemental for 1 turns
 38214 | Shoals:4 | Identified the +11 hand cannon of World's End {drain, rN+
                  | Will+++ Str+3}
 38470 | Shoals:4 | Identified the +7 great mace "Patyttast" {pain, rElec}
 38583 | Shoals:4 | Reached skill level 20 in Dodging
 38587 | Shoals:4 | Reached skill level 10 in Ice Magic
 38755 | Shoals:4 | Reached skill level 15 in Fighting
 38995 | Shoals:4 | Paralysed by an air elemental for 1 turns
 39057 | Shoals:4 | Got a barnacled rune of Zot
 39264 | Lair:3   | Upgraded the game from 0.32-a0-685-g93135e86f0 to
                  | 0.32-a0-699-g1ee5eff69a
 39340 | Shoals:4 | HP: 47/104 [merfolk aquamancer/+4 rapier of electrocution
                  | (9)]
 39524 | Shoals:2 | Learned a level 5 spell: Metabolic Englaciation
 39779 | Elf:1    | Entered Level 1 of the Elven Halls
 39811 | Elf:1    | Reached skill level 3 in Spellcasting
 39882 | Elf:1    | Paralysed by an air elemental for 1 turns
 40103 | Elf:1    | HP: 49/104 [burnt (12)]
 40139 | Elf:1    | Reached skill level 4 in Spellcasting
 40264 | Elf:1    | HP: 35/104 [+0 battleaxe of venom (19)]
 40264 | Elf:1    | HP: 12/104 [+2 heavy scimitar (23)]
 40269 | Elf:1    | HP: 15/104 [poisoned by a +0 battleaxe of venom]
 40274 | Elf:1    | HP: 18/104 [poisoned by a +0 battleaxe of venom]
 40417 | Elf:1    | Reached skill level 11 in Ice Magic
 40454 | Elf:1    | Got Foenax Torch's Atlas of Conjuration
 40628 | Elf:1    | Found a runed translucent door.
 40628 | Elf:1    | Found a burning altar of Makhleb.
 40676 | Elf:1    | Identified the +9 dagger of Regicide {freeze, Str+3 Dex+2}
 40776 | Elf:1    | Reached XP level 19. HP: 108/108 MP: 30/30
 40961 | Elf:1    | HP: 24/108 [+0 battleaxe of venom (31)]
 40962 | Elf:1    | HP: 7/108 [+0 battleaxe of venom (16)]
 40962 | Elf:1    | Mangled by a +0 battleaxe of venom

Illustrated notes

Levels and vault maps discovered:
D:1:      eino_arrival_tree_alley, layout_loops_ring, serial_shops, shop,
          grunt_decor_cap, minmay_misc_feat_plants, minivault_14
D:2:      layout_rooms, uniq_jessica, uniq_terence
D:3:      layout_rooms, serial_shops, shop, dreamdust_ecumenical_altar_grove
D:4:      layout_rooms, nicolae_wu_jian_immortal_techniques,
          nicolae_wooded_promenade, serial_bayou_lagoon_a,
          nicolae_elevator_lobby_asterisk
D:5:      layout_cave_pools, serial_shops, nicolae_shop_stone, roderic_lattice_a
D:6:      layout_loops_cross, minmay_temple_entry_sparse_star, uniq_grinder
D:7:      layout_loops_ring, chequers_temple_overflow_minitemple,
          enter_bailey_8, minmay_between
D:8:      layout_basic, mainiacjoe_overflow_brackets, zin_treasury
D:9:      layout_cave_pools, mainiacjoe_overflow_cross_hatched,
          erik_lair_orcish_takeover, nicolae_phantomly_mirrored, uniq_psyche
D:10:     minmay_recursive_quarters, layout_grid_maze,
          kennysheep_orc_monster_closet_entryway
D:11:     layout_loops_ring, uniq_harold, uniq_nergalle
D:12:     layout_loops_ring, grunt_decor_clamped, uniq_lodul, uniq_gastronok,
          uniq_sonja
D:13:     layout_loops_ring
D:14:     layout_gridville, hellmonk_vaults_keyhole,
          nicolae_hepliaklqana_hazy_memory
D:15:     gammafunk_depths_entry_grave, layout_stronghold,
          hangedman_abyss_or_decor_passed, nicolae_trove_entry_free_sample,
          minmay_starry_boxes, uniq_agnes
Temple:   dpeg_chambers_temple
Lair:1:   layout_gridlike, grunt_megastairs_5, lemuel_fruit_tree
Lair:2:   nzn_winding_woodlands_huge [nzn_winding_woodlands_5x15_parted,
          nzn_winding_woodlands_5x15_lazy_stream,
          nzn_winding_woodlands_5x15_twine,
          nzn_winding_woodlands_5x15_concentric,
          nzn_winding_woodlands_5x15_pathside_ponds,
          nzn_winding_woodlands_5x15_longhouse, nzn_winding_woodlands_5x15_pool,
          nzn_winding_woodlands_5x15_zeroes,
          nzn_winding_woodlands_5x15_split_checker,
          nzn_winding_woodlands_5x15_pockets,
          nzn_winding_woodlands_center_lodge,
          nzn_winding_woodlands_center_triple_pond,
          nzn_winding_woodlands_15x15_thick_spiral], layout_regular_city,
          minmay_snake_entry_guardpost_medium,
          gammafunk_ghost_berserking_beasts, serial_forest,
          infiniplex_forest_end_2, infiniplex_forest_straight_2,
          infiniplex_forest_corner_1, infiniplex_forest_lined_corner,
          infiniplex_forest_clump_C, infiniplex_forest_clump_medium,
          infiniplex_forest_clump_small, infiniplex_forest_clump_cross,
          uniq_amaemon
Lair:3:   layout_regular_city, minmay_shoals_entry_centaurs,
          portal_ice_cave_entry_pillars_2, bobbens_dragon_lair_wall
Lair:4:   layout_regular_city, nicolae_slime_entry_field_trip,
          beast_lair_carwin_10, serial_bayou_shore_a, uniq_snorg
Lair:5:   minmay_lair_end_frog_pond, layout_gridlike, uniq_rupert
Shoals:1: layout_shoals, nicolae_island_escapes
Shoals:2: layout_shoals
Shoals:3: layout_shoals, nicolae_splish_splash, uniq_polyphemus, uniq_jorgrun
Shoals:4: shoals_end_hellmonk_storm_palace [storm_palace_center_circular,
          storm_palace_corner_grid, storm_palace_corner_grid,
          storm_palace_corner_pillars, storm_palace_corner_altar]
Snake:1:  layout_layer_cave, serial_shops, nicolae_shop_real_fake_doors,
          minmay_shop_star
Snake:2:  layout_grid_maze, gammafunk_ghost_arena, nicolae_triple_integral
Snake:3:  layout_cave_shapes, minmay_shoptagon
Snake:4:  minmay_snake_end_coiled, layout_chambers, drop_trap, st_stairs_4,
          serial_bayou_pond_c
Orc:1:    minmay_goldmine, layout_caves, serial_shops,
          nicolae_shop_advertising_works [nicolae_subvault_shop_adworks],
          hellmonk_ghost_happy_afterlife
Orc:2:    st_orc_rangers, layout_caves, gammafunk_ghost_wrathful_warriors,
          mines1_david, uniq_urug, uniq_donald
Elf:1:    hangedman_cross_stitches, layout_onion_city, minmay_elf_annihilation,
          glass_columns_c, minmay_misc_feat_pillars, nicolae_danse_macabre
Depths:1: layout_twisted_cross, grunt_mini_vestibule, pan_entry,
          minmay_misc_feat_ornament, serial_bayou_crossing,
          serial_bayou_shore_b, minmay_shop_grove, firewood_loft,
          uniq_saint_roka, uniq_nikola

Skill      XL: |  1  2  3  4  5  6  7  8  9 10 11 12 13 14 15 16 17 18 |
---------------+-------------------------------------------------------+-----
Stealth        | 4 5 6 7 9 |  9.1
Short Blades   | 1 2 |  2.0
Ranged Weapons | 2 3 4 7 10 11 13 14 16 17 | 17.1
Fighting       | 4 9 10 12 13 14 15 | 15.0
Invocations    | 7 9 12 14 | 14.0
Dodging        | 12 15 17 18 20 | 20.0
Armour         | 4 7 8 |  8.4
Evocations     | 6 10 | 10.0
Ice Magic      | 6 11 | 11.1
Spellcasting   | 4 |  4.8
Conjurations   | |  0.6
Fire Magic     | |  2.4

Action                     |  1- 3 |  4- 6 |  7- 9 | 10-12 | 13-15 | 16-18 | 19-21 || total
---------------------------+-------+-------+-------+-------+-------+-------+-------++-------
  Melee: Dagger            |    12 |       |       |     4 |     1 |     8 |       ||    25
   Fire: Sling             |     4 |   118 |   320 |   839 |  2461 |  2759 |       ||  6501
         Hand cannon       |       |       |       |       |       |   286 |    30 ||   316
   Cast: Foxfire           |    57 |       |       |       |       |       |       ||    57
 Invoke: Banish            |       |       |       |       |     1 |       |       ||     1
  Evoke: Wand              |       |       |       |     1 |     1 |    46 |       ||    48
         Phantom mirror    |       |       |       |     1 |     2 |     2 |       ||     5
    Use: Scroll            |       |     4 |     1 |    10 |     7 |    14 |       ||    36
         Potion            |       |       |       |     1 |     2 |     5 |     1 ||     9
   Stab: Sleeping          |     1 |       |       |     4 |       |       |       ||     5
         Paralysed         |       |       |       |       |       |     8 |       ||     8
 Armour: Robe              |     7 |     6 |    29 |    12 |       |       |       ||    54
         Acid dragon scale |       |       |       |    87 |   365 |   753 |    13 ||  1218
  Dodge: Dodged            |    13 |    15 |    41 |   161 |   945 |  1380 |    24 ||  2579
         Repelled          |       |       |       |       |       |     9 |     5 ||    14

Table legend: (Time is in decaauts)
 A = Elapsed time spent in this place.
 B = Non-inter-level travel time spent in this place.
 C = Inter-level travel time spent in this place.
 D = Time resting spent in this place.
 E = Time spent auto-exploring this place.
 F = Levels seen in this place.
 G = Mean time per level.
                   A        B        C        D        E       F      G
               +--------+--------+--------+--------+--------+-----+--------+
         Total |  29237 |  26731 |   2506 |   2509 |  14625 |  35 |  835.3 |
       Dungeon |  10057 |   8874 |   1183 |    477 |   5540 |  15 |  670.5 |
        Temple |      1 |      0 |      1 |      0 |      0 |   1 |    1.0 |
          Lair |   5617 |   5186 |    431 |    406 |   2793 |   5 | 1123.4 |
        Shoals |   4477 |   4002 |    475 |    776 |   1682 |   4 | 1119.2 |
     Snake Pit |   5460 |   5221 |    239 |    651 |   2752 |   4 | 1365.0 |
  Orcish Mines |   1534 |   1381 |    153 |     47 |    805 |   2 |  767.0 |
   Elven Halls |    808 |    788 |     20 |      0 |    519 |   1 |  808.0 |
        Depths |      1 |      1 |      0 |      0 |      0 |   1 |    1.0 |
        Bailey |    717 |    717 |      0 |     94 |    333 |   1 |  717.0 |
      Ice Cave |    562 |    562 |      0 |     55 |    198 |   1 |  562.0 |
               +--------+--------+--------+--------+--------+-----+--------+

Top non-repeatable levels by time:
  Lair:2: 2345 daAuts
    D:10: 1685 daAuts
 Snake:4: 1579 daAuts
Shoals:4: 1544 daAuts
 Snake:1: 1423 daAuts
 Snake:2: 1229 daAuts
 Snake:3: 1228 daAuts
Shoals:3: 1208 daAuts
  Lair:4: 1017 daAuts
Shoals:2: 969 daAuts
     D:1: 942 daAuts
    D:15: 928 daAuts
    D:14: 919 daAuts
  Lair:5: 910 daAuts
   Elf:1: 808 daAuts
